Map: Prion Terraces

Players

FRMN

  • Race: Zerg Zerg
  • League: Gold

lesha - Winner!

  • Race: Terran Terran
  • League: Gold

VOD

Have the link to the VOD?

Description

Time

  • Played on: Jan. 9, 2016, 10:07 a.m.
  • Length: 7:29
Show
View Real Time Build Order
Export as new Build Order

FRMN Zerg 

Build Orders: Pool First 

Get SALT Encoding   

  12  0:01  Drone  
  13  0:10  Drone  
  14  0:17  Overlord  
  14  0:35  Spawning Pool  
  14  0:37  Drone  
  14  0:42  Drone  
  15  0:45  Drone  
  16  0:50  Extractor  
  16  0:52  Drone  
  16  0:59  Drone  
  17  1:10  Drone  
  18  1:23  Drone  
  19  1:34  Drone  
  19  1:35  Extractor  
  19  1:42  Queen  
  19  1:43  Drone  
  19  1:46  Roach Warren, Extractor  
  20  1:53  Drone  
  22  2:01  Extractor  
  21  2:04  Zergling x2  
  23  2:20  Overlord  
  23  2:25  Extractor  
  22  2:41  Roach  
  22  2:42  Lair  
  24  2:46  Hatchery  
  23  2:58  Drone x4  
  26  2:59  Drone  
  26  3:05  Roach  
  30  3:11  Spore Crawler  
  29  3:14  Metabolic Boost  
  29  3:24  Drone  
  30  3:29  Overlord  
  30  3:34  Overlord  
  30  3:51  Burrow  
  30  3:52  Baneling Nest  
  29  3:56  Zergling x6  
  31  4:12  Spire  
  31  4:16  Drone  
  32  4:17  Drone  
  32  4:21  Drone  
  33  4:32  Overlord  
  33  4:35  Drone x2  
  33  4:37  Drone  
  36  4:43  Drone  
  37  4:45  Extractor  
  37  4:48  Drone x2  
  37  4:50  Drone  
  39  4:56  Drone  
  40  5:05  Drone  
  43  5:09  Extractor  
  43  5:11  Spore Crawler  
  43  5:12  Drone  
  42  5:17  Overlord  
  42  5:24  Mutalisk  
  42  5:26  Mutalisk x2  
  42  5:27  Mutalisk  
  48  5:39  Roach  
  48  5:40  Roach x2  
  48  5:41  Drone  
  55  5:46  Queen  
  55  5:48  Overseer  
  57  6:03  Drone x3  
  60  6:04  Overlord  
  60  6:18  Overlord x2  
  60  6:19  Overlord x2  
  60  6:30  Roach  
  64  6:32  Roach  
  64  6:36  Roach  
  64  6:39  Hatchery  
  36  7:04  Roach x4  
Show
View Real Time Build Order
Export as new Build Order

lesha Terran - Winner!

Build Orders: Reaper Expand 

Get SALT Encoding   

  12  0:01  SCV  
  13  0:13  SCV  
  14  0:18  Supply Depot  
  14  0:25  SCV  
  15  0:40  SCV  
  15  0:41  Barracks  
  16  0:47  Refinery  
  16  0:52  SCV  
  17  1:05  SCV  
  18  1:17  SCV  
  19  1:32  Reaper  
  20  1:33  Orbital Command  
  20  1:44  Command Center  
  20  1:54  Supply Depot  
  19  2:05  SCV  
  20  2:13  Barracks Reactor  
  20  2:20  Barracks  
  20  2:37  SCV, Refinery  
  21  2:51  Marine x2  
  23  3:03  Factory  
  23  3:04  Barracks  
  23  3:16  Bunker  
  23  3:21  SCV  
  23  3:22  Supply Depot x2  
  23  3:25  Barracks Tech Lab  
  24  3:33  SCV  
  24  3:34  Marine x2  
  27  3:45  SCV  
  28  3:53  Starport  
  28  4:02  Barracks Reactor  
  28  4:03  Factory Reactor  
  28  4:06  SCV  
  29  4:11  Orbital Command  
  29  4:23  Marine x2  
  31  4:25  Marauder  
  31  4:27  Stimpack  
  33  4:34  SCV  
  33  4:36  Barracks  
  34  4:43  SCV  
  35  4:46  SCV  
  35  4:48  Marine x3  
  39  4:55  SCV  
  39  4:57  Marine x2  
  42  5:02  Factory Tech Lab  
  42  5:04  SCV  
  43  5:07  SCV  
  43  5:09  Medivac  
  46  5:15  Medivac  
  46  5:16  SCV  
  46  5:21  SCV, Engineering Bay  
  50  5:22  Marine x4  
  50  5:24  Barracks Reactor  
  50  5:27  Marine  
  50  5:28  SCV  
  56  5:33  SCV  
  57  5:40  SCV  
  58  5:45  SCV  
  58  5:48  Refinery x2, Marine  
  58  5:49  Marine x2  
  62  5:56  Supply Depot  
  62  5:57  Supply Depot  
  62  6:17  Marine x7  
  69  6:20  Missile Turret  
  69  6:25  Missile Turret  
  69  6:27  Missile Turret  
  69  6:34  Missile Turret  
  69  6:35  Missile Turret, Marine x2  
Tags
 
Add a new tag
Caveats
  • Supply blocks, unpowered buildings, or Contaminate may cause inaccurate times.
  • Supply counts are checked every 10 seconds.